 Dungeon Crawl Stone Soup version 0.29-a0-821-g66395355a5 (webtiles) character file.

Game seed: 3960904754235470213

558 avis the Chiller (level 6, -8/78 HPs)
             Began as a Demigod Ice Elementalist on July 8, 2022.
             Mangled by Blork the orc
             ... wielding a +0 halberd
              (12 damage)
             ... on level 4 of the Dungeon.
             The game lasted 00:25:05 (3801 turns).

avis the Chiller (Demigod Ice Elementalist)         Turns: 3801, Time: 00:25:05

Health: -8/78      AC: 30    Str:  9    XL:     6   Next: 82%
Magic:  10/13      EV:  2    Int: 17    God:
Gold:   198        SH:  0    Dex: 22    Spells: 7/11 levels left

rFire   . . .      SeeInvis .   b - +0 sling
rCold   . . .      Faith    .   (no shield)
rNeg    . . .      Spirit   .   (body armour currently unavailable)
rPois   +          Reflect  .   (helmet currently unavailable)
rElec   .          Harm     .   (cloak currently unavailable)
rCorr   .          Rampage  .   (gloves currently unavailable)
Will    .....      NoTele   +   (boots currently unavailable)
Stlth   ++........              s - amulet of the acrobat
HPRegen 0.23/turn               (no ring)
MPRegen 0.13/turn               (no ring)

@: ice-armoured, tree-form
A: stationary, stasis, torment immunity, boosted hp, high MP 1, forlorn, divine
attributes
a: no special abilities


You were on level 4 of the Dungeon.
You were a tree.
You visited 2 branches of the dungeon, and saw 5 of its levels.

You collected 198 gold pieces.

Inventory:

Hand Weapons
 a - the +12 whip of a Labyrinth {freeze, rC+ rN+ Int+8 Stlth-}
   (You found it on level 3 of the Dungeon)

   It freezes those it strikes, dealing additional cold damage.
   It can also slow down cold-blooded creatures.
   Int:       It affects your intelligence (+8).
   rC:        It protects you from cold.
   rN:        It protects you from negative energy.
   Stlth:     It makes you less stealthy.
 b - a +0 sling (weapon)
 w - a +2 dagger of venom
Missiles
 l - 9 poisoned darts
Armour
 f - a +0 robe (melded)
 r - a +2 kite shield
Jewellery
 s - an amulet of the acrobat (around neck)
Scrolls
 d - a scroll of blinking {unknown}
 i - 2 scrolls of poison {unknown}
 k - a scroll of teleportation {unknown}
 m - 3 scrolls of fog {unknown}
 q - a scroll of fear {unknown}
 u - 2 scrolls of amnesia {unknown}
 v - a scroll of torment {unknown}
 z - a scroll of noise {unknown}
 A - a scroll of immolation {unknown}
Potions
 c - a potion of flight
 h - a potion of might
 j - a potion of brilliance
 n - a potion of lignification
 p - a potion of cancellation
 t - a potion of magic
 x - a potion of invisibility


   Skills:
 - Level 4.0 Fighting
 - Level 2.1 Ranged Weapons
 - Level 2.0 Armour
 - Level 2.0 Dodging
 - Level 2.0 Stealth
 - Level 3.0 Spellcasting
 * Level 4.7 Ice Magic


You had 7 spell levels left.
You knew the following spells:

 Your Spells              Type           Power      Damage    Failure   Level
a - Freeze                Ice            72%        1d9       2%          1
o - Ozocubu's Armour      Ice            18%        N/A       8%          3

Your spell library contained the following spells:

 Spells                   Type           Power      Damage    Failure   Level
 Frozen Ramparts          Ice            36%        1d5       8%          3
 Summon Small Mammal      Summ           8%         N/A       17%         1
 Call Canine Familiar     Summ           2%         N/A       45%         3
 Portal Projectile        Hex/Tloc       4%         N/A       45%         3
 Summon Guardian Golem    Hex/Summ       2%         N/A       45%         3
 Hailstorm                Conj/Ice       10%        3d5       54%         4
 Fulminant Prism          Conj/Hex       1%         3d6       86%         4
 Silence                  Hex/Air        1%         N/A       99%         5
 Discord                  Hex            1%         N/A       100%        8


Dungeon Overview and Level Annotations

Branches:
Dungeon (4/15)             Temple (1/1) D:4

Annotations:
D:4 Blork the orc, Pargi


Innate Abilities, Weirdness & Mutations

You are a tree.
Your roots penetrate the ground, keeping you stationary.
You cannot be teleported.
You are immune to unholy pain and torment.
Your maximum health is greatly increased.
Your equipment is partially melded.
You have an increased reservoir of magic. (+10% MP)
You shall have no god before yourself.
Your divine heritage dramatically boosts your attributes as you level up.


Message History

b - a +0 sling (weapon)
Blork the orc hits you but does no damage.
Fire: b) +0 sling
Press: ? - help, Q - select action, (/) - cycle Shift-Dir - straight line, f - Blork the orc
Aim: Blork the orc, wielding a +0 halberd and wearing a +0 robe (lightly wounded, fast, 68% to hit)
You shoot a sling bullet.
The sling bullet hits Blork the orc but does no damage.
Blork the orc is lightly wounded.
Blork the orc hits you but does no damage.
Blork the orc casts a cantrip, but nothing happens.
Fire: b) +0 sling
Press: ? - help, Q - select action, (/) - cycle Shift-Dir - straight line, f/p - Blork the orc
Aim: Blork the orc, wielding a +0 halberd and wearing a +0 robe (lightly wounded, fast, 68% to hit)
You shoot a sling bullet. The sling bullet hits Blork the orc.
Blork the orc is lightly wounded.
Blork the orc hits you from afar with a +0 halberd.
* * * LOW HITPOINT WARNING * * *
Fire: b) +0 sling
Press: ? - help, Q - select action, (/) - cycle Shift-Dir - straight line, f/p - Blork the orc
Aim: Blork the orc, wielding a +0 halberd and wearing a +0 robe (lightly wounded, fast, 68% to hit)
You shoot a sling bullet. The sling bullet hits Blork the orc.
Blork the orc is moderately wounded.
Blork the orc hits you but does no damage.
Blork the orc gestures at you while chanting.
The puff of flame hits you but does no damage.
The heat melts your icy armour.
Fire: b) +0 sling
Press: ? - help, Q - select action, (/) - cycle Shift-Dir - straight line, f/p - Blork the orc
Aim: Blork the orc, wielding a +0 halberd and wearing a +0 robe (moderately wounded, fast, 68% to hit)
You shoot a sling bullet.
The sling bullet barely misses Blork the orc.
The sling bullet barely misses the gnoll.
Blork the orc hits you but does no damage. x2
Fire: b) +0 sling
Press: ? - help, Q - select action, (/) - cycle Shift-Dir - straight line, f/p - Blork the orc
Aim: Blork the orc, wielding a +0 halberd and wearing a +0 robe (moderately wounded, fast, 68% to hit)
You shoot a sling bullet. The sling bullet hits Blork the orc.
Blork the orc is heavily wounded.
Blork the orc hits you from afar with a +0 halberd!
You die...

. #..####.##..###÷. ..
#### ##...## ### ...##
##.### ....### ###†..###
.....####.###....##
#.......###....## #
#....#######(.#..
##..#####.##)...##.######
#....go)♣.#####......####
......###### ####.#...##


gT... #.###).# .... ..# ##.# ..g #.## #.. .. .. ### . .## # . # < ## You could
see Blork the orc (fast) and a gnoll.

Vanquished Creatures
  Duvessa (D:4)
  A necrophage (D:4)
  A scorpion (D:4)
  Dowan (D:4)
  A vampire bat (D:4)
  A hound (D:3)
  4 adders
  3 gnolls (D:4)
  A shadow imp (D:3)
  A worm (D:2)
  2 dart slugs
  3 fire bats (D:4)
  2 spectral bats (D:4)
  3 bat skeletons (D:4)
  A bat zombie (D:4)
  2 endoplasms
  2 giant cockroaches (D:3)
  7 goblins
  6 hobgoblins
  2 quokkas
  7 ball pythons
  16 bats
  A bat simulacrum (D:4)
  3 frilled lizards
  12 kobolds
  A rat (D:3)
85 creatures vanquished.

Notes
Turn   | Place    | Note
-------+----------+-------------------------------------------
     0 | D:1      | avis the Demigod Ice Elementalist began the quest for the
                  | Orb.
     0 | D:1      | Reached XP level 1. HP: 14/14 MP: 5/5
   247 | D:1      | Reached skill level 1 in Fighting
   712 | D:1      | Reached XP level 2. HP: 23/23 MP: 5/7
  1136 | D:1      | Noticed an ice devil
  1727 | D:2      | Got the Directory of Theory
  2005 | D:3      | Reached XP level 3. HP: 21/30 MP: 8/8
  2009 | D:3      | Identified the +12 whip of a Labyrinth {freeze, rC+ rN+
                  | Int+8 Stlth-}
  2105 | D:3      | Learned a level 3 spell: Ozocubu's Armour
  2765 | D:3      | Reached XP level 4. HP: 29/38 MP: 9/9
  2948 | D:4      | Noticed Duvessa
  2953 | D:4      | Noticed Dowan
  2956 | D:4      | Noticed a necrophage
  2968 | D:4      | Killed Duvessa
  2969 | D:4      | Reached XP level 5. HP: 10/45 MP: 5/10
  2971 | D:4      | Killed Dowan
  2973 | D:4      | Reached skill level 1 in Ranged Weapons
  2981 | D:4      | Reached XP level 6. HP: 22/52 MP: 6/11
  3014 | D:4      | Found a staircase to the Ecumenical Temple.
  3040 | Temple   | Entered the Ecumenical Temple
  3770 | D:4      | Noticed Blork the orc
  3770 | D:4      | Noticed Pargi
  3798 | D:4      | HP: 3/78 [Blork the orc/+0 halberd (4)]
  3801 | D:4      | Mangled by Blork the orc

Illustrated notes

Levels and vault maps discovered:
D:1:      saegor_arrival_simple_a, layout_loops_corners,
          dreamdust_ecumenical_altar_sealed_demon, amethyst_killhole,
          corexii_item_surrounded_by_moat
D:2:      layout_rooms
D:3:      layout_loops_ring
D:4:      layout_rooms, lemuel_round_altar, minmay_temple_entry_grid,
          goddamned_bats, uniq_blork_the_orc, uniq_duvessa, uniq_sigmund,
          uniq_pargi
Temple:   minmay_temple_bridge_d

Skill      XL: |  1  2  3  4  5  6 |
---------------+-------------------+-----
Fighting       | 1 2 3 4 |  4.0
Spellcasting   | 2 3 |  3.0
Ice Magic      | 4 |  4.7
Stealth        | 2 |  2.0
Dodging        | 2 |  2.0
Armour         | 2 |  2.0
Ranged Weapons | 2 |  2.1

Action                   |  1- 3 |  4- 6 || total
-------------------------+-------+-------++-------
Melee: Dagger            |    15 |       ||    15
       Whip              |    17 |    56 ||    73
 Fire: Sling             |    31 |    52 ||    83
Throw: Dart              |       |     5 ||     5
 Cast: Freeze            |    41 |     5 ||    46
       Ozocubu's Armour  |       |    13 ||    13
  Use: Potion            |       |     7 ||     7
       Scroll            |       |     5 ||     5
 Stab: Sleeping          |     4 |       ||     4
Armor: Robe              |    10 |    46 ||    56
       Skin              |       |    42 ||    42
Dodge: Dodged            |    34 |    90 ||   124
Block: Kite shield       |    16 |    22 ||    38

Table legend: (Time is in decaauts)
 A = Elapsed time spent in this place.
 B = Non-inter-level travel time spent in this place.
 C = Inter-level travel time spent in this place.
 D = Time resting spent in this place.
 E = Time spent auto-exploring this place.
 F = Levels seen in this place.
 G = Mean time per level.
                   A        B        C        D        E       F      G
               +--------+--------+--------+--------+--------+-----+--------+
         Total |   3835 |   3692 |    143 |   1202 |   1648 |   5 |  767.0 |
       Dungeon |   3666 |   3523 |    143 |   1051 |   1648 |   4 |  916.5 |
        Temple |    168 |    168 |      0 |    151 |      0 |   1 |  168.0 |
               +--------+--------+--------+--------+--------+-----+--------+

Top non-repeatable levels by time:
     D:1: 1344 daAuts
     D:3: 930 daAuts
     D:4: 703 daAuts
     D:2: 688 daAuts
  Temple: 168 daAuts
